 Dungeon Crawl Stone Soup version 0.32-a0-18-g89e19f1 (webtiles) character file.

Game seed: 17773769742580951109

394018 Rogue the Blinker (level 22, -7/171 HPs)
             Began as a Spriggan Warper on Sept 13, 2023.
             Was the Champion of Okawaru.
             Mangled by a vampire knight
             ... wielding a +0 halberd
              (27 damage)
             ... on level 1 of the Crypt on Jan 15, 2024.
             The game lasted 16:13:16 (85794 turns).

Rogue the Blinker (Spriggan Warper)                Turns: 85794, Time: 16:13:17

Health: -7/171     AC: 34    Str: 17    XL:     22   Next: 15%
Magic:  9/42       EV: 16    Int: 45    God:    Okawaru [******]
Gold:   1100       SH:  7    Dex: 16    Spells: 3/52 levels left

rFire   + . .        N - +8 autumn katana {manifold assault}
rCold   . . .        R - +2 buckler of Rubuc {Fly rF+ rCorr Int+2}
rNeg    . . .        b - +12 shadow dragon scales "Zeletij" {rCorr Str+4 Int+3 Stlth++++}
rPois   +            U - +2 hat {Will+}
rElec   +            m - +0 cloak of Living Wonder {Rampage rCorr Str-4 Int+9}
rCorr   +            (gloves unavailable)
SInv    +            (boots unavailable)
Will    ++...        O - amulet of Vucairiv {RegenMP rElec rPois rC+ Str+4} Stlth
                     D - ring of Xom's Ringing Laughter {Wiz rC- rCorr Int+7}
HPRegen 0.48/turn    M - ring of Okawaru's Hope {rCorr Str+6}
MPRegen 0.68/turn

%: rampage, wizardry (x1)
@: berserking, weak-willed, flying, studying Ranged Weapons, very quick
A: very small, no large weapons, unfitting armour, see invisible, speed 3,
iridescent scales 1, noise suppression
}: 2/15 runes: decaying, serpentine
a: Renounce Religion, Heroism, Finesse, Duel, Receive Weapon, Receive Armour


You were on level 1 of the Crypt.
You worshipped Okawaru.
Okawaru was exalted by your worship.
You visited 10 branches of the dungeon, and saw 43 of its levels.
You also visited: Gauntlet and Ice Cave.

You collected 4963 gold pieces.
You spent 3863 gold pieces at shops.

Inventory:

Hand Weapons
 g - the +3 short sword of the Endless Cities {drain, rPois rC++ Str+3 Stlth-}
   (You took it off a deep elf annihilator on level 3 of the Elven Halls)

   Str+3:     It affects your strength (+3).
   rC++:      It greatly protects you from cold.
   rPois:     It protects you from poison Stlth-: It makes you less stealthy.
 y - the +8 dagger of Kiguaru {venom, rF+}
   (Okawaru gifted it to you on level 13 of the Dungeon)

   rF+:       It protects you from fire.
 C - the +9 scimitar of the Grave {pain, rElec rC+ Dex-5}
   (You bought it in a shop on level 2 of the Orcish Mines)

   Dex-5:     It affects your dexterity (-5).
   rC+:       It protects you from cold.
   rElec:     It insulates you from electricity.
 H - a +5 hand cannon of draining
 K - the +6 rapier "Ydaybb" {heavy, rC+ Dex+2}
   (Okawaru gifted it to you on level 1 of the Lair of Beasts)

   Dex+2:     It affects your dexterity (+2).
   rC+:       It protects you from cold.
 N - the +8 autumn katana (weapon) {manifold assault}
   (You found it on level 4 of the Lair of Beasts)
Missiles
 T - 7 atropa-tipped darts
 Y - 8 curare-tipped darts (quivered)
Armour
 b - the +12 shadow dragon scales "Zeletij" (worn) {rCorr Str+4 Int+3 Stlth++++}
   (Okawaru gifted it to you on level 3 of the Lair of Beasts)

   Str+4:     It affects your strength (+4).
   Int+3:     It affects your intelligence (+3).
   rCorr:     It protects you from acid and corrosion.
   Stlth++++: It makes you much more stealthy.
 m - the +0 cloak of Living Wonder (worn) {Rampage rCorr Str-4 Int+9}
   (Okawaru gifted it to you on level 3 of the Elven Halls)

   Str-4:     It affects your strength (-4).
   Int+9:     It affects your intelligence (+9).
   rCorr:     It protects you from acid and corrosion.
   Rampage:   It bestows one free step when moving towards enemies.
 r - the -2 cloak of the Country {+Inv rPois Int+3 Dex+3}
   (Okawaru gifted it to you on level 4 of the Vaults)

   Int+3:     It affects your intelligence (+3).
   Dex+3:     It affects your dexterity (+3).
   rPois:     It protects you from poison +Inv: It lets you turn invisible.
 E - the +5 faerie dragon scales {Will+ rCorr}
   (You took it off the Enchantress on level 1 of the Depths)

   Will+:     It increases your willpower.
   rCorr:     It protects you from acid and corrosion.
 R - the +2 buckler of Rubuc (worn) {Fly rF+ rCorr Int+2}
   (Okawaru gifted it to you on level 3 of the Elven Halls)

   Int+2:     It affects your intelligence (+2).
   rF+:       It protects you from fire.
   Fly:       It grants you flight.
   rCorr:     It protects you from acid and corrosion.
 U - a +2 hat of willpower (worn)
Jewellery
 a - a ring of flight
 d - the amulet of Division {Spirit Fly rF+ Int+4}
   (You took it off a frost giant on level 2 of the Depths)

   [amulet of guardian spirit]

   Spirit:    It causes incoming damage to be divided between your reserves of
   health and magic.
   Int+4:     It affects your intelligence (+4).
   rF+:       It protects you from fire.
   Fly:       It grants you flight.
 l - a ring of positive energy
 n - a +6 ring of intelligence
 p - a +6 ring of dexterity
 v - a ring of protection from fire
 z - an amulet of reflection
 D - the ring of Xom's Ringing Laughter (left hand) {Wiz rC- rCorr Int+7}
   (You bought it in a shop on level 3 of the Elven Halls)

   [ring of wizardry]

   Wiz:       It improves your spell success rate.
   Int+7:     It affects your intelligence (+7).
   rC-:       It makes you vulnerable to cold.
   rCorr:     It protects you from acid and corrosion.
 F - a ring of ice
 M - the ring of Okawaru's Hope (right hand) {rCorr Str+6}
   (You found it on level 2 of the Snake Pit)

   [ring of strength]

   Str+6:     It affects your strength (+6).
   rCorr:     It protects you from acid and corrosion.
 O - the amulet of Vucairiv (around neck) {RegenMP rElec rPois rC+ Str+4}
   (You found it in a Gauntlet)

   [amulet of magic regeneration]

   RegenMP:   It increases your rate of magic regeneration.
   Str+4:     It affects your strength (+4).
   rC+:       It protects you from cold.
   rElec:     It insulates you from electricity.
   rPois:     It protects you from poison
 Q - a +4 ring of slaying
 W - the ring "Wosch" {Ice Str+3}
   (You took it off a tengu reaver on level 2 of the Depths)

   [ring of ice]

   Ice:       It enhances your ice magic.
   Str+3:     It affects your strength (+3).
   rF-:       It makes you vulnerable to fire.
   rC+:       It protects you from cold.
 X - the ring "Maseng" {Wiz rCorr}
   (You took it off a tengu reaver on level 2 of the Depths)

   [ring of wizardry]

   Wiz:       It improves your spell success rate.
   rCorr:     It protects you from acid and corrosion.
Wands
 e - a wand of paralysis (6)
 B - a wand of polymorph (13)
 I - a wand of digging (13)
Scrolls
 c - 3 scrolls of blinking
 h - 29 scrolls of teleportation
 i - 3 scrolls of immolation
 j - 6 scrolls of vulnerability
 s - 4 scrolls of revelation
 x - 8 scrolls of poison
 L - 6 scrolls of fog
Potions
 f - a potion of enlightenment
 k - 2 potions of invisibility
 o - 3 potions of resistance
 t - 3 potions of ambrosia
 u - 3 potions of magic
 w - 17 potions of curing
 G - 4 potions of cancellation
 J - 5 potions of berserk rage
 P - 4 potions of might
 S - 4 potions of brilliance
 V - a potion of haste
Miscellaneous
 Z - a tin of tremorstones (inert)


   Skills:
 * Level 11.4 Fighting
 + Level 11.5(13.3) Short Blades
 + Level 8.4(10.1) Long Blades
 + Level 3.6 Staves
 * Level 11.2 Ranged Weapons
 - Level 6.3 Throwing
 * Level 11.1 Armour
 + Level 10.1 Dodging
 + Level 11.5 Stealth
 + Level 4.9 Shields
 + Level 15.7 Spellcasting
 + Level 6.4 Conjurations
 + Level 14.8 Hexes
 + Level 6.8 Necromancy
 - Level 17.7 Translocations
 - Level 6.1 Ice Magic
 - Level 9.6 Air Magic
 + Level 2.4 Earth Magic
 + Level 10.4 Alchemy
 * Level 1.9 Invocations
 + Level 11.9 Evocations


You had 3 spell levels left.
You knew the following spells:

 Your Spells              Type           Power      Damage    Failure   Level
a - Blink                 Tloc           100%       N/A       0%          2
b - Manifold Assault      Tloc           100%       N/A       1%          4
c - Vhi's Electric Charg  Tloc/Air       100%       N/A       1%          4
d - Ensorcelled Hibernat  Hex/Ice        100%       N/A       1%          2
e - Cause Fear            Hex            53%        N/A       1%          4
f - Anguish               Hex/Necr       46%        N/A       1%          4
g - Passwall              Erth           55%        N/A       3%          3
h - Dispersal             Tloc           57%        N/A       1%          6
i - Yara's Violent Unrav  Hex/Alch       49%        3d19      1%          5
j - Enfeeble              Hex            53%        N/A       6%          7
k - Passage of Golubria   Tloc           100%       N/A       1%          4
l - Iskenderun's Mystic   Conj/Tloc      98%        2d19      1%          4

Your spell library contained the following spells:

 Spells                   Type           Power      Damage    Failure   Level
 Apportation              Tloc           100%       N/A       0%          1
 Lesser Beckoning         Tloc           100%       N/A       0%          2
 Teleport Other           Tloc           100%       N/A       0%          3
 Magic Dart               Conj           100%       1d8       1%          1
 Sting                    Conj/Alch      100%       1d9       1%          1
 Jinxbite                 Hex            100%       N/A       1%          2
 Mercury Vapours          Alch/Air       100%       N/A       1%          2
 Inner Flame              Hex/Fire       80%        N/A       1%          3
 Mephitic Cloud           Conj/Alch/Air  86%        N/A       1%          3
 Stone Arrow              Conj/Erth      100%       3d13      1%          3
 Volatile Blastmotes      Fire/Tloc      100%       2d18      1%          3
 Fulminant Prism          Conj/Alch      42%        3d19      1%          4
 Olgreb's Toxic Radiance  Alch           92%        N/A       1%          4
 Alistair's Intoxication  Alch           61%        N/A       1%          5
 Silence                  Hex/Air        49%        N/A       1%          5
 Irradiate                Conj/Alch      42%        3d25      2%          5
 Ignite Poison            Fire/Alch      70%        N/A       3%          4
 Freezing Cloud           Conj/Ice/Air   40%        6-21      4%          5
 Curse of Agony           Necr           77%        N/A       5%          5
 Eringya's Noxious Bog    Alch           46%        4d6       7%          6
 Flame Wave               Conj/Fire      60%        2d14      9%          4
 Borgnjor's Vile Clutch   Necr/Erth      33%        N/A       13%         5
 Conjure Ball Lightning   Conj/Air       41%        3x3d13    17%         6
 Lee's Rapid Deconstruct  Erth           27%        3d15*     30%         5
 Plasma Beam              Fire/Air       34%        2x1d47    52%         6
 Borgnjor's Revivificati  Necr           38%        N/A       100%        8
 Lehudib's Crystal Spear  Conj/Erth      33%        10d8      100%        8
 Death's Door             Necr           38%        N/A       100%        9
 Call Imp                 Summ           Unusable   N/A       N/A         2
 Summon Forest            Summ/Tloc      Unusable   N/A       N/A         5
 Summon Lightning Spire   Summ/Air       Unusable   N/A       N/A         4
 Animate Armour           Summ/Erth      Unusable   N/A       N/A         4
 Malign Gateway           Summ/Tloc      Unusable   N/A       N/A         7
 Haunt                    Necr/Summ      Unusable   N/A       N/A         7
 Summon Horrible Things   Summ           Unusable   N/A       N/A         8

Dungeon Overview and Level Annotations

Branches:
Dungeon (15/15)            Temple (1/1) D:7            Lair (5/5) D:8
  Swamp (4/4) Lair:2        Snake (4/4) Lair:2        Slime (0/5) Lair:4
    Orc (2/2) D:12            Elf (3/3) Orc:2        Vaults (4/5) D:13
  Crypt (1/3) Vaults:2     Depths (4/4) D:15          IceCv (visited)
Gauntlet (visited)
    Zot: Depths:4

Altars:
Ashenzari
Cheibriados
Dithmenos
Elyvilon
Fedhas
Gozag
Hepliaklqana
Kikubaaqudgha
Makhleb
Nemelex Xobeh
Okawaru
Qazlal
Ru
Sif Muna
Trog
Uskayaw
Vehumet
Wu Jian
Xom
Yredelemnul
Zin
The Shining One

Shops:
D:6 ?***   D:8 (   Orc:2 (((*=   Elf:1 *   Elf:3 *   Snake:2 :   Snake:4 *(
Vaults:2 (   Vaults:3 ?

Portals:
Hell: Depths:1 Depths:2 Depths:4
Abyss: Depths:1
Pandemonium: Depths:2
Ziggurat: Depths:1
Trove: D:10 (show slimy rune of Zot)

Annotations:
Elf:2 3 runed translucent doors
Elf:3 6 transporters
Depths:1 exclusion: downstairs


Innate Abilities, Weirdness & Mutations

You are very small and have problems with some larger weapons.
You are too small for most types of armour.
You have supernaturally acute eyesight. (SInv)
You cover ground extremely quickly. (Speed+++)
You are partially covered in iridescent scales. (AC +2)
You passively dampen the noise of your surroundings.


Message History

You hit the vampire knight.
The vampire knight is severely damaged.
The vampire knight gestures at you while chanting.
You resist with almost no effort.
A red film seems to cover your vision as you go berserk!
You feel yourself moving faster!
You feel mighty!
The vampire knight hits you with a +0 halberd!!
* * * LOW HITPOINT WARNING * * *
You block the vampire knight's attack.
The phantasmal warrior hits you but does no damage.
The vampire knight draws life force from you!
* * * LOW HITPOINT WARNING * * *
The vampire knight is healed by the life force!
You barely miss the vampire knight.
The vampire knight is heavily damaged.
You block the phantasmal warrior's attack.
The vampire knight hits you but does no damage.
The vampire knight bites you but does no damage.
You hit the vampire knight.
The vampire knight is severely damaged.
The phantasmal warrior misses you.
You slash the vampire knight!
The vampire knight is almost destroyed.
The vampire knight completely misses you.
The vampire knight bites you but does no damage.
You hit the vampire knight but do no damage.
The vampire knight is almost destroyed.
You block the vampire knight's attack. The vampire knight closely misses you.
The phantasmal warrior closely misses you.
You completely miss the vampire knight.
The vampire knight is almost destroyed.
The vampire knight closely misses you.
The vampire knight bites you but does no damage.
You completely miss the vampire knight.
The vampire knight is severely damaged.
You block the phantasmal warrior's attack.
You hit the vampire knight but do no damage.
The vampire knight is severely damaged.
The vampire knight hits you with a +0 halberd!!
You die...

##### #.# #####...##....
#.##################......
#.#.............# ###..##
#.#............)# ###.)
#.####(#.............
#.... #......#...........#
##... ######..#.........#
#.##
........#...)..W..######
#.#
...............@V.##...#
#.#
.......###'#########...###
#.# ......# #.# #.....#
#.## .....# ..# #.....#
#... ..... ####
#.....####... .....
#.....#...... ....
#.....#.##### ...
#.....#.#....
#.......#.#..


You could see a vampire knight (fast) and a phantasmal warrior.

Vanquished Creatures
  Mara (Elf:3)
  Frederick (Crypt:1)
  Vashnia (Snake:3)
  3 golden dragons
  the Enchantress (Depths:1)
  Rupert (D:13)
  5 liches
  3 deep elf blademasters (Elf:3)
  A sphinx (Vaults:3)
  2 deep elf master archers (Elf:3)
  A kraken (Swamp:2)
  A thorn hunter (Swamp:4)
  2 ancient champions
  Gastronok (Lair:2)
  3 tengu reavers (Depths:2)
  Kirke (Lair:3)
  A nagaraja (Snake:4)
  2 fenstrider witches (Swamp:2)
  2 azure jellies (IceCv)
  3 fire giants
  3 frost giants
  Louise (Snake:2)
  7 deep elf sorcerers
  A balrug (Depths:1)
  3 deep elf elementalists (Elf:3)
  9 vault wardens
  8 ironbound thunderhulks
  10 ironbound preservers
  A stone giant (Depths:1)
  2 orc warlords
  2 formless jellyfish
  4 spriggan defenders
  4 very ugly things
  6 deep elf demonologists
  3 vampire knights
  2 eleionomae (Swamp:4)
  13 dire elephants
  5 bunyips
  10 deep elf annihilators
  A minotaur (Gauntlet)
  An eidolon (Vaults:2)
  3 spark wasps (Depths:1)
  A merfolk impaler (Depths:1)
  6 jiangshi
  3 ettins
  A crystal guardian (Vaults:1)
  5 deep elf high priests (Elf:3)
  9 deep elf death magi (Elf:3)
  4 yaktaur captains
  2 great orbs of eyes (Vaults:1)
  A fire dragon (Depths:3)
  4 ice dragons
  A quicksilver dragon skeleton (Crypt:1)
  2 rakshasas (Depths:1)
  2 spriggan air magi
  3 peacekeepers
  27 hydras
  4 ironbound frosthearts
  7 centaur warriors
  4 salamander tyrants (Snake:4)
  8 vault guards (D:13)
  5 anacondas
  A death knight (Crypt:1)
  2 ogre magi
  4 alligators
  8 boulder beetles
  10 dancing weapons
  14 two-headed ogres
  6 deep troll shamans
  21 naga warriors
  3 tengu warriors
  4 vampire magi
  5 orc high priests
  6 death yaks (Lair:5)
  A hell hog (Depths:1)
  A titan zombie (Depths:2)
  9 shock serpents
  16 naga sharpshooters
  A sun demon (Depths:1)
  5 deep troll earth magi
  3 spriggan berserkers
  A soul eater (Depths:1)
  2 salamander mystics (Snake:4)
  Nergalle (Lair:1)
  Urug (Lair:2)
  11 deep elf knights
  A hell knight (Depths:2)
  3 skysharks
  3 iron trolls (Depths:1)
  6 goliath frogs
  A spectral anaconda (Lair:5)
  2 spriggan druids
  An obsidian statue (Lair:5)
  A spark wasp zombie (Depths:2)
  11 naga ritualists
  32 deep trolls
  9 occultists
  5 bog bodies
  2 glowing orange brains
  14 ironbound convokers
  5 deep elf archers
  A tengu zombie (Vaults:2)
  2 flayed ghosts
  8 orc knights
  9 swamp dragons
  11 lindwurms
  2 golden dragon skeletons (Depths:2)
  3 phantasmal warriors
  A shadow dragon zombie (Depths:2)
  3 manticores
  17 deep elf zephyrmancers
  11 mana vipers
  8 necromancers
  A fire giant zombie (Depths:2)
  A stone giant zombie (Vaults:2)
  An oklob plant (Snake:3)
  5 harpies (Vaults:1)
  34 ugly things
  27 deep elf pyromancers
  6 orc sorcerers
  A wolf spider (D:15)
  3 will-o-the-wisps
  Maurice (D:10)
  An elf zombie (Vaults:1)
  18 salamanders
  8 cyclopes
  50 black mambas
  3 naga magi
  19 elephants
  4 guardian serpents
  A human skeleton (Vaults:1)
  3 stone giant skeletons
  A black mamba (shapeshifter) (Elf:2)
  A frost giant skeleton (Vaults:2)
  18 vault sentinels
  A dire elephant zombie (Lair:5)
  2 ice statues (IceCv)
  15 cane toads
  A dire elephant skeleton (Lair:5)
  An orange demon (D:9)
  5 gargoyles
  2 unseen horrors (D:12)
  2 kobold demonologists
  10 yaktaurs
  Maggie (Lair:2)
  An efreet (D:14)
  3 rime drakes
  6 komodo dragons
  A hydra zombie (Crypt:1)
  4 tengu conjurers
  2 freezing wraiths
  2 polar bears
  3 trolls
  A bloated husk (Swamp:2)
  7 tyrant leeches
  17 hornets
  15 blink frogs
  A harpy skeleton (Vaults:1)
  A snapping turtle (shapeshifter) (D:15)
  A dream sheep (Lair:5)
  An iron dragon simulacrum (Depths:2)
  41 slime creatures
  4 air elementals
  A spriggan (shapeshifter) (D:15)
  21 spriggans
  35 yaks
  3 basilisks
  4 water elementals
  5 shadows (Gauntlet)
  A human (D:8)
  6 wraiths
  2 fire elementals
  A yak (shapeshifter) (Elf:2)
  5 wyverns
  3 steam dragons
  Grum (D:8)
  3 small abominations (Gauntlet)
  10 vampire mosquitoes
  7 hogs (Lair:3)
  Edmund (D:5)
  2 death yak simulacra (Lair:5)
  3 spectral cane toads (Lair:5)
  24 swamp worms
  A glowing shapeshifter zombie (Vaults:2)
  12 wargs
  39 nagas
  4 acid dragons
  22 water moccasins
  A glass eye (Depths:1)
  A two-headed ogre skeleton (Crypt:1)
  10 swamp drakes
  An elephant zombie (Lair:5)
  An ice beast (D:6)
  33 orc warriors
  A great orb of eyes simulacrum (IceCv)
  A cane toad skeleton (Crypt:1)
  16 ogres
  24 wolves
  An elephant skeleton (Lair:5)
  16 centaurs
  5 boggarts (Vaults:3)
  A hog zombie (Crypt:1)
  3 slime creature simulacra (IceCv)
  2 phantoms (D:7)
  12 bullfrogs
  6 kobold brigands
  2 scorpions (D:6)
  2 cane toad simulacra (Lair:5)
  2 gnoll sergeants
  2 glowing shapeshifter simulacra (IceCv)
  A human simulacrum (Depths:2)
  An elephant simulacrum (Lair:5)
  14 killer bees
  4 howler monkeys
  2 electric eels
  4 human zombies
  Crazy Yiuf (D:5)
  5 hounds
  15 orc priests
  3 jellies
  3 iguanas
  A sleepcap (D:6)
  28 orc wizards
  6 shapeshifter simulacra (IceCv)
  4 hell rats (Lair:3)
  14 gnolls
  9 adders
  A shadow imp (D:7)
  2 white imps
  2 ribbon worms (D:3)
  3 dart slugs
  85 orcs
  6 ball pythons
  4 bats
  An endoplasm (D:2)
  4 giant cockroaches
  A gnoll zombie (Crypt:1)
  5 goblins
  12 hobgoblins
  9 jackals
  A quokka (D:2)
  3 frilled lizards
  A goblin zombie (Crypt:1)
  A jackal skeleton (D:8)
  19 kobolds
  3 rats
  2 tentacles (Swamp:2)
1539 creatures vanquished.

Vanquished Creatures (collateral kills)
  The ghost of Caterwaul the Fencer, an adept HuMo of the Shining One (Swamp:2)
  A deep elf demonologist (Elf:3)
  2 shambling mangroves (Swamp:2)
  An anaconda (Snake:4)
  3 naga sharpshooters (Snake:3)
  Amaemon (D:9)
  A naga ritualist (Snake:4)
  2 mana vipers
  A salamander (Snake:2)
  3 black mambas
  4 guardian serpents
  2 hornets (Swamp:2)
  6 nagas
  An orc warrior (D:8)
  2 wolves (D:8)
  A jelly (D:6)
  2 orcs (D:8)
  A kobold (D:8)
35 creatures vanquished.

Vanquished Creatures (others)
  A deep elf master archer (Elf:3)
  A frost giant (Depths:1)
  2 stone giants (Depths:1)
  A deep elf annihilator (Elf:3)
  3 deep elf high priests (Elf:3)
  A hydra (Lair:5)
  An alligator (Swamp:2)
  A naga warrior (Snake:4)
  2 naga sharpshooters (Snake:3)
  A deep elf knight (Elf:2)
  A deep troll (Depths:2)
  An elephant (Lair:2)
  3 naga magi
  A black mamba (Lair:2)
  2 blink frogs
  A water elemental (Elf:3)
  An air elemental (Elf:3)
  A basilisk (Lair:2)
  A swamp worm (Lair:2)
  A naga (Snake:2)
  2 orc warriors
  3 wolves
  A kobold brigand (D:6)
  2 orc wizards (Orc:1)
  4 orcs
  2 foxfires (Swamp:2)
  12 tentacles (Swamp:2)
53 creatures vanquished.

Grand Total: 1627 creatures vanquished

Notes
Turn   | Place    | Note
-------+----------+-------------------------------------------
     0 | D:1      | Rogue the Spriggan Warper began the quest for the Orb.
     0 | D:1      | Reached XP level 1. HP: 10/10 MP: 5/5
   157 | D:1      | Reached skill level 1 in Stealth
   209 | D:1      | Reached XP level 2. HP: 15/15 MP: 6/6
   222 | D:1      | Learned a level 2 spell: Blink
   658 | D:2      | Reached skill level 5 in Translocations
   692 | D:2      | Reached XP level 3. HP: 18/18 MP: 8/8
   740 | D:2      | Found a faded altar of an unknown god.
   795 | D:2      | You fall into a shaft and drop 1 floor!
  1487 | D:2      | Reached XP level 4. HP: 21/23 MP: 2/9
  1492 | D:2      | Learned a level 4 spell: Manifold Assault
  2466 | D:4      | Noticed an ogre
  2489 | D:4      | Killed an ogre
  2490 | D:4      | Reached skill level 6 in Translocations
  2490 | D:4      | Reached XP level 5. HP: 26/26 MP: 9/11
  2495 | D:4      | Learned a level 4 spell: Vhi's Electric Charge
  2696 | D:4      | Found a shadowy altar of Dithmenos.
  2893 | D:4      | Reached skill level 7 in Translocations
  2928 | D:4      | Reached XP level 6. HP: 26/30 MP: 12/12
  3138 | D:4      | Reached skill level 1 in Air Magic
  3273 | D:4      | Gained mutation: You have hidden genetic potential. [potion
                  | of mutation]
  3874 | D:5      | Entered Level 5 of the Dungeon
  4631 | D:5      | Noticed Edmund
  4753 | D:5      | Found a runed translucent door.
  4754 | D:5      | Noticed Crazy Yiuf
  4907 | D:5      | Found a stormy altar of Qazlal.
  5152 | D:5      | Reached skill level 8 in Translocations
  5152 | D:5      | Reached XP level 7. HP: 35/35 MP: 7/14
  5831 | D:5      | Killed Crazy Yiuf
  6000 | D:5      | Learned a level 2 spell: Ensorcelled Hibernation
  6052 | D:6      | Reached skill level 5 in Dodging
  6235 | D:6      | Identified the +3 quarterstaff of Hyick {drain, rF+ Str+3
                  | Int+3 Dex+2}
  6267 | D:5      | Killed Edmund
  6468 | D:6      | Reached skill level 9 in Translocations
  6498 | D:6      | Found Quipt's Fire Supplies.
  6517 | D:6      | Bought a scroll of immolation for 60 gold pieces
  6819 | D:6      | Reached skill level 5 in Spellcasting
  6819 | D:6      | Reached XP level 8. HP: 39/39 MP: 1/16
  6882 | D:6      | Reached skill level 1 in Hexes
  6890 | D:6      | Gained mutation: You are partially covered in iridescent
                  | scales. (AC +2) [hidden potential]
  6895 | D:6      | Reached skill level 10 in Translocations
  7060 | D:6      | Reached skill level 1 in Staves
  7370 | D:6      | Found Zungiplia's Specific Store.
  7372 | D:6      | Found Feackenamna's General Store.
  7387 | D:6      | Bought a scroll of vulnerability for 52 gold pieces
  7387 | D:6      | Bought a scroll of identify for 26 gold pieces
  7387 | D:6      | Bought a scroll of teleportation for 39 gold pieces
  7530 | D:6      | Found The Oracle's Delphic Readings.
  7534 | D:6      | Bought a scroll of poison for 56 gold pieces
  7534 | D:6      | Bought a scroll of identify for 28 gold pieces
  7534 | D:6      | Bought a scroll of vulnerability for 56 gold pieces
  7708 | D:7      | Found a staircase to the Ecumenical Temple.
  7779 | Temple   | Entered the Ecumenical Temple
  7794 | Temple   | Became a worshipper of Warmaster Okawaru
  8535 | D:7      | Found a sacrificial altar of Ru.
  8536 | D:7      | Found a snail-covered altar of Cheibriados.
  8536 | D:7      | Found an ornate altar of the Wu Jian Council.
  8536 | D:7      | Found an ancient bone altar of Kikubaaqudgha.
  8537 | D:7      | Found a shimmering altar of Xom.
  8538 | D:7      | Found a sparkling altar of Nemelex Xobeh.
  8541 | D:7      | Found a broken altar of Ashenzari.
  8542 | D:7      | Found a white marble altar of Elyvilon.
  8681 | D:7      | Reached XP level 9. HP: 44/44 MP: 13/18
  9028 | D:7      | Reached * piety under Okawaru
  9413 | D:8      | Noticed a two-headed ogre
  9450 | D:8      | Killed a two-headed ogre
  9450 | D:8      | Reached ** piety under Okawaru
  9451 | D:8      | Reached skill level 11 in Translocations
  9453 | D:8      | Gained mutation: You passively dampen the noise of your
                  | surroundings. [hidden potential]
  9453 | D:8      | Lost mutation: You have hidden genetic potential. [hidden
                  | potential expressed]
  9742 | D:8      | Noticed Grum
 10380 | D:8      | Found a staircase to the Lair.
 10717 | D:8      | Found Seorew's Weapon Shoppe.
 10731 | D:8      | Reached *** piety under Okawaru
 10781 | D:8      | Found a runed translucent door.
 10782 | D:8      | Found a basalt altar of Yredelemnul.
 10992 | D:8      | Reached XP level 10. HP: 21/51 MP: 3/21
 11027 | D:8      | Killed Grum
 11234 | D:8      | Reached skill level 5 in Hexes
 11344 | D:9      | Learned a level 4 spell: Cause Fear
 11395 | D:9      | Noticed a two-headed ogre
 11673 | D:9      | Noticed a two-headed ogre
 11787 | D:9      | Killed a two-headed ogre
 11788 | D:9      | Reached skill level 5 in Fighting
 11788 | D:9      | Reached skill level 5 in Air Magic
 11964 | D:9      | Reached **** piety under Okawaru
 12033 | D:9      | Killed a two-headed ogre
 12034 | D:9      | Reached skill level 12 in Translocations
 12167 | D:9      | Found a glowing silver altar of Zin.
 12315 | D:9      | Reached skill level 1 in Ice Magic
 12445 | D:9      | Noticed Amaemon
 12565 | D:9      | Noticed an orange demon
 12760 | D:9      | Killed an orange demon
 12763 | D:9      | Noticed a two-headed ogre
 12901 | D:9      | Killed a two-headed ogre
 13446 | D:9      | Killed Amaemon
 13447 | D:9      | Reached XP level 11. HP: 11/56 MP: 9/24
 13645 | D:10     | Entered Level 10 of the Dungeon
 13839 | D:10     | Reached skill level 1 in Evocations
 13986 | D:10     | Found a portal to a secret trove of treasure.
 14602 | D:10     | Found a large runed translucent door.
 14604 | D:10     | Found a large runed translucent door.
 14683 | D:10     | Noticed Maurice
 14698 | D:10     | Killed Maurice
 15340 | D:10     | Found a hide-covered altar of Uskayaw.
 15343 | D:10     | Found a blossoming altar of Fedhas.
 15385 | D:11     | Noticed a two-headed ogre
 15413 | D:11     | Killed a two-headed ogre
 15414 | D:11     | Reached skill level 5 in Stealth
 15553 | D:11     | Noticed a two-headed ogre
 15553 | D:11     | Noticed a two-headed ogre
 15567 | D:11     | Noticed an ogre mage
 15629 | D:11     | Noticed a boulder beetle
 15695 | D:11     | Killed a two-headed ogre
 15695 | D:11     | Reached ***** piety under Okawaru
 15741 | D:11     | Found a broken altar of Ashenzari.
 15998 | D:11     | Noticed a two-headed ogre
 16001 | D:11     | Noticed a two-headed ogre
 16001 | D:11     | Noticed a two-headed ogre
 16040 | D:10     | Killed an ogre mage
 16113 | D:11     | Killed a two-headed ogre
 16113 | D:11     | Received a gift from Okawaru
 16118 | D:11     | Killed a two-headed ogre
 16120 | D:11     | Killed a two-headed ogre
 16595 | D:11     | Killed a two-headed ogre
 16595 | D:11     | Received a gift from Okawaru
 16595 | D:11     | Received a gift from Okawaru
 16824 | D:11     | Noticed a two-headed ogre
 16868 | D:11     | Killed a boulder beetle
 17160 | D:11     | Reached XP level 12. HP: 53/62 MP: 21/26
 17223 | D:11     | Killed a two-headed ogre
 17224 | D:11     | Reached skill level 10 in Spellcasting
 17224 | D:11     | Reached skill level 5 in Evocations
 17576 | D:12     | Identified the +1 trident "Ruigenah" {heavy, rElec rC+
                  | Str+3 Dex-4}
 17591 | D:12     | Identified the +0 chain mail of the Apothecary {rCorr Str+4
                  | Int+2 Dex+5}
 17888 | D:12     | Reached skill level 13 in Translocations
 18549 | D:13     | Found a gate to the Vaults.
 18549 | D:13     | Noticed a vault guard
 18549 | D:13     | Noticed a vault guard
 18549 | D:13     | Noticed a vault guard
 18549 | D:13     | Noticed a vault guard
 18549 | D:13     | Noticed a vault guard
 18564 | D:13     | Noticed a boulder beetle
 18573 | D:13     | Found a gate leading to a gauntlet.
 18582 | Gauntlet | Entered a Gauntlet
 18582 | Gauntlet | Found a transporter.
 18677 | Gauntlet | Found a transporter.
 18679 | Gauntlet | Found a transporter.
 18690 | Gauntlet | Found a transporter.
 18693 | Gauntlet | Found a transporter.
 18704 | Gauntlet | Found a transporter.
 18720 | Gauntlet | Found a transporter.
 18731 | Gauntlet | Found a transporter.
 18738 | Gauntlet | Found a runed translucent door.
 18742 | Gauntlet | Found a transporter.
 18751 | Gauntlet | Noticed a hell hog
 18756 | Gauntlet | Found a transporter.
 18769 | Gauntlet | Found a transporter.
 18769 | Gauntlet | Found a transporter.
 18773 | Gauntlet | Noticed a catoblepas
 18810 | Gauntlet | Found a transporter.
 18827 | Gauntlet | Found a transporter.
 18918 | Gauntlet | Learned a level 4 spell: Anguish
 19235 | Gauntlet | Identified the amulet of Vucairiv {RegenMP rElec rPois rC+
                  | Str+4}
 19417 | Gauntlet | Noticed a minotaur
 19436 | Gauntlet | Killed a minotaur
 19449 | Gauntlet | Got the Spellbook of Movement and Stones
 19453 | Gauntlet | Learned a level 3 spell: Passwall
 19567 | D:12     | Received a gift from Okawaru
 19650 | D:12     | Found a staircase to the Orcish Mines.
 20521 | Lair:1   | Entered Level 1 of the Lair of Beasts
 20720 | Lair:1   | Identified the +6 rapier "Ydaybb" {heavy, rC+ Dex+2}
                  | (Okawaru gifted it to you on level 1 of the Lair of Beasts)
 20720 | Lair:1   | Received a gift from Okawaru
 21651 | Lair:2   | Noticed Urug
 21671 | Lair:2   | Noticed Nergalle
 21775 | Lair:1   | Killed Nergalle
 21806 | Lair:2   | Reached skill level 5 in Short Blades
 21821 | Lair:2   | Reached XP level 13. HP: 36/67 MP: 16/28
 22005 | Lair:2   | Found a staircase to the Snake Pit.
 22055 | Lair:2   | Received a gift from Okawaru
 22340 | Lair:2   | Noticed Gastronok
 22363 | Lair:2   | Killed Gastronok
 22463 | Lair:2   | Noticed Maggie
 22474 | Lair:2   | Killed Maggie
 22667 | Lair:2   | Reached skill level 14 in Translocations
 22830 | Lair:2   | Identified the +2 robe "Wulucuef" {rN+} (Okawaru gifted it
                  | to you on level 2 of the Lair of Beasts)
 22830 | Lair:2   | Received a gift from Okawaru
 23566 | Lair:2   | Found a staircase to the Swamp.
 23568 | Lair:2   | Reached skill level 1 in Necromancy
 24097 | Lair:2   | Killed Urug
 24248 | Lair:2   | Learned a level 6 spell: Dispersal
 25427 | Lair:3   | Noticed Kirke
 25466 | Lair:3   | Received a gift from Okawaru
 25505 | Lair:3   | Reached skill level 10 in Hexes
 25607 | Lair:3   | Identified the +2 leather armour "Cecet" {Drain Int+4
                  | Stlth+}
 25703 | Lair:3   | Killed Kirke
 25703 | Lair:3   | Reached ****** piety under Okawaru
 25703 | Lair:3   | Identified the +12 shadow dragon scales "Zeletij" {rCorr
                  | Str+4 Int+3 Stlth++++} (Okawaru gifted it to you on level 3
                  | of the Lair of Beasts)
 25703 | Lair:3   | Received a gift from Okawaru
 25765 | Lair:3   | Reached XP level 14. HP: 72/72 MP: 31/31
 26405 | Lair:4   | Found the +8 autumn katana {manifold assault}
 26626 | Lair:4   | Found a staircase to the Slime Pits.
 26782 | Lair:4   | Reached skill level 1 in Armour
 27186 | Lair:5   | Entered Level 5 of the Lair of Beasts
 27754 | Lair:5   | Reached skill level 1 in Long Blades
 27892 | Lair:5   | Reached skill level 10 in Evocations
 28893 | Lair:5   | Reached skill level 15 in Translocations
 29112 | Lair:5   | Identified the +0 robe of the Swan {rPois rF+ Stlth+}
                  | (Okawaru gifted it to you on level 5 of the Lair of Beasts)
 29112 | Lair:5   | Received a gift from Okawaru
 31310 | Lair:5   | Learned a level 5 spell: Yara's Violent Unravelling
 31580 | Orc:1    | Entered Level 1 of the Orcish Mines
 31841 | Orc:1    | Reached XP level 15. HP: 38/77 MP: 33/33
 32163 | Orc:2    | Entered Level 2 of the Orcish Mines
 32163 | Orc:2    | Found Javothi's Weapon Emporium.
 32175 | Orc:2    | Found a frozen archway.
 32183 | IceCv    | Entered an ice cave
 32194 | IceCv    | Learned a level 3 spell: Inner Flame
 33225 | IceCv    | Noticed an azure jelly
 33483 | IceCv    | Found a viscous altar of Jiyva.
 33483 | IceCv    | Noticed an azure jelly
 33523 | IceCv    | Killed an azure jelly
 33523 | IceCv    | Identified the +1 buckler "Qoduddem" {-Tele rCorr Dex+2
                  | Stlth+} (Okawaru gifted it to you in an ice cave)
 33523 | IceCv    | Received a gift from Okawaru
 33542 | IceCv    | Killed an azure jelly
 33623 | IceCv    | Identified the +6 ice dragon scales of Demonic Creativity
                  | {Contam rPois rF- rC++ Int+2}
 33628 | IceCv    | Identified the +7 ring mail of Virtue {*Slow Fly rElec
                  | MP+9}
 34549 | Orc:2    | Found a staircase to the Elven Halls.
 36937 | Orc:2    | Reached skill level 16 in Translocations
 37269 | Orc:2    | Found Coutotin's Jewellery Shoppe.
 37269 | Orc:2    | Found Bior's Antique Weapon Shoppe.
 37270 | Orc:2    | Found Wubbot's Weapon Boutique.
 37373 | Orc:2    | Found Toiskysch's General Store.
 37383 | Orc:2    | Reached skill level 1 in Transmutations
 37461 | Orc:2    | Bought a scroll of identify for 34 gold pieces
 37461 | Orc:2    | Bought a scroll of teleportation for 51 gold pieces
 37461 | Orc:2    | Bought a potion of haste for 170 gold pieces
 37461 | Orc:2    | Bought a +2 cloak of preservation for 365 gold pieces
 37698 | D:6      | Bought 3 scrolls of fog for 168 gold pieces
 37739 | D:6      | Bought a potion of might for 52 gold pieces
 38503 | D:13     | Noticed Rupert
 38553 | D:13     | Killed Rupert
 38553 | D:13     | Identified the +8 dagger of Kiguaru {venom, rF+} (Okawaru
                  | gifted it to you on level 13 of the Dungeon)
 38553 | D:13     | Received a gift from Okawaru
 39611 | D:14     | Found an ornate altar of the Wu Jian Council.
 39627 | D:14     | Upgraded the game from 0.31-a0-744-gbc345e7 to
                  | 0.31-a0-754-g7e385a8
 39872 | D:14     | Identified the +0 ring mail "Lukem" {Rampage Will+ SInv}
 40135 | D:14     | Reached skill level 17 in Translocations
 40200 | D:14     | Identified the +1 ring mail "Ponimu" {Will+}
 40518 | D:14     | Received a gift from Okawaru
 40610 | D:14     | Identified the +8 quarterstaff of Shrieking Terror {flame,
                  | rCorr} (Okawaru gifted it to you on level 14 of the
                  | Dungeon)
 40610 | D:14     | Received a gift from Okawaru
 40611 | D:14     | Reached XP level 16. HP: 82/82 MP: 34/34
 40614 | D:14     | Reached skill level 5 in Long Blades
 41048 | Orc:2    | Bought a +6 ring of dexterity for 468 gold pieces
 41062 | Orc:2    | Bought an encrusted scimitar for 207 gold pieces
 41062 | Orc:2    | Identified the +9 scimitar of the Grave {pain, rElec rC+
                  | Dex-5} (You bought it in a shop on level 2 of the Orcish
                  | Mines)
 41210 | Snake:1  | Entered Level 1 of the Snake Pit
 41590 | Snake:1  | Reached skill level 5 in Armour
 42651 | Snake:1  | Identified the +2 plate armour of Untold Secrets {rCorr}
 43093 | Snake:2  | Noticed Louise
 43112 | Snake:2  | Found Wyiwk's Book Shoppe.
 43220 | Snake:2  | Killed Louise
 43457 | Snake:2  | Identified the ring of Okawaru's Hope {rCorr Str+6}
 43512 | Snake:2  | Received a gift from Okawaru
 43513 | Snake:2  | Reached skill level 1 in Shields
 43728 | Snake:2  | Reached skill level 1 in Earth Magic
 44430 | Snake:2  | Reached skill level 5 in Throwing
 44642 | Snake:2  | Reached skill level 5 in Transmutations
 44886 | Snake:2  | Identified the +1 robe "Quiskas" {rElec Dex+3} (Okawaru
                  | gifted it to you on level 2 of the Snake Pit)
 44886 | Snake:2  | Received a gift from Okawaru
 44901 | Snake:2  | Got Qeir's Almanac of Viridian Phlogiston
 45208 | Snake:3  | Found a shimmering altar of Xom.
 46488 | Snake:3  | Learned a level 4 spell: Passage of Golubria
 46986 | Snake:3  | Noticed Vashnia
 47406 | Snake:3  | Reached XP level 17. HP: 50/87 MP: 21/35
 47676 | Snake:3  | Killed Vashnia
 48099 | Snake:4  | Entered Level 4 of the Snake Pit
 48154 | Snake:4  | Received a gift from Okawaru
 48674 | Snake:4  | Found Rez Muurhaum's Antique Weapon Emporium.
 49621 | Snake:4  | Found Poowidd's General Store.
 50104 | Snake:4  | Bought 5 atropa-tipped darts for 67 gold pieces
 50104 | Snake:4  | Bought a potion of curing for 45 gold pieces
 50104 | Snake:4  | Bought a scroll of amnesia for 60 gold pieces
 50104 | Snake:4  | Bought a scroll of teleportation for 45 gold pieces
 50104 | Snake:4  | Bought a scroll of teleportation for 45 gold pieces
 50818 | Snake:4  | Identified the +7 dagger "Optah" {antimagic, rPois Will+
                  | Int-3} (Okawaru gifted it to you on level 4 of the Snake
                  | Pit)
 50818 | Snake:4  | Received a gift from Okawaru
 51078 | Snake:4  | Reached skill level 5 in Ice Magic
 52224 | Snake:4  | Got a serpentine rune of Zot
 52853 | Vaults:1 | Entered Level 1 of the Vaults
 52886 | Vaults:1 | Received a gift from Okawaru
 54042 | Vaults:1 | Received a gift from Okawaru
 54391 | Vaults:1 | Reached XP level 18. HP: 80/93 MP: 36/36
 54508 | Vaults:1 | Received a gift from Okawaru
 55092 | Vaults:1 | Reached skill level 10 in Short Blades
 56035 | Vaults:2 | Found Icveteedi's Antique Weapon Shoppe.
 56336 | Vaults:2 | Reached skill level 10 in Transmutations
 56408 | Vaults:2 | Received a gift from Okawaru
 56701 | Vaults:2 | Found a staircase to the Crypt.
 56705 | Vaults:2 | Received a gift from Okawaru
 57135 | D:6      | Bought a scroll of enchant weapon for 105 gold pieces
 57698 | Vaults:2 | Reached skill level 1 in Ranged Weapons
 58352 | Vaults:3 | Received a gift from Okawaru
 58718 | Vaults:3 | Found Esysyesa's Magic Scroll Shoppe.
 58926 | Vaults:3 | Bought a scroll of revelation for 150 gold pieces
 58926 | Vaults:3 | Bought a scroll of immolation for 80 gold pieces
 58926 | Vaults:3 | Bought a scroll of enchant armour for 150 gold pieces
 58927 | Vaults:3 | Bought a scroll of teleportation for 60 gold pieces
 58927 | Vaults:3 | Bought a scroll of teleportation for 60 gold pieces
 58927 | Vaults:3 | Bought a scroll of teleportation for 60 gold pieces
 58927 | Vaults:3 | Bought a scroll of fear for 80 gold pieces
 59012 | Vaults:3 | Learned a level 4 spell: Iskenderun's Mystic Blast
 59112 | Vaults:3 | Noticed a golden dragon
 59115 | Vaults:3 | Killed a golden dragon
 59282 | Vaults:3 | Reached XP level 19. HP: 81/98 MP: 37/37
 60084 | Vaults:4 | Reached skill level 1 in Conjurations
 60759 | Vaults:4 | Identified the -2 cloak of the Country {+Inv rPois Int+3
                  | Dex+3} (Okawaru gifted it to you on level 4 of the Vaults)
 60759 | Vaults:4 | Received a gift from Okawaru
 61729 | D:15     | Entered Level 15 of the Dungeon
 61853 | D:15     | Found a staircase to the Depths.
 63119 | Swamp:1  | Entered Level 1 of the Swamp
 63458 | Elf:1    | Entered Level 1 of the Elven Halls
 63474 | Elf:1    | Upgraded the game from 0.31-a0-754-g7e385a8 to
                  | 0.31-a0-774-g0d66cba
 63479 | Elf:1    | Reached skill level 10 in Fighting
 63505 | Elf:1    | Got a disorganized book
 63738 | Elf:1    | Found Ysivaic's CLEARANCE SALE!.
 63741 | Elf:1    | Bought a scroll of teleportation for 18 gold pieces
 64143 | Elf:1    | Reached skill level 5 in Ranged Weapons
 64816 | Elf:2    | Identified the +1 robe of Privacy {-Cast Fly rPois SInv}
 65025 | Elf:2    | Received a gift from Okawaru
 65094 | Elf:2    | Found a runed translucent gate.
 65095 | Elf:2    | Found a runed translucent gate.
 65097 | Elf:2    | Found a runed translucent gate.
 65495 | Elf:2    | Received a gift from Okawaru
 65765 | Elf:3    | Entered Level 3 of the Elven Halls
 65768 | Elf:3    | Found a transporter.
 65768 | Elf:3    | Found a transporter.
 65870 | Elf:3    | Found Weblu's Whimsical Warehouse.
 65950 | Elf:3    | Found a transporter.
 65958 | Elf:3    | Found a transporter.
 66041 | Elf:3    | Found a transporter.
 66046 | Elf:3    | Found a transporter.
 66591 | Elf:3    | Reached XP level 20. HP: 102/102 MP: 38/38
 68244 | Elf:3    | Bought the ring of Xom's Ringing Laughter {Wiz rC- rCorr
                  | Int+7} for 1006 gold pieces
 68453 | Elf:3    | Noticed Mara
 68489 | Elf:3    | Noticed Rogue's illusion
 68498 | Elf:3    | Killed Mara
 68498 | Elf:3    | Identified the +0 cloak of Living Wonder {Rampage rCorr
                  | Str-4 Int+9} (Okawaru gifted it to you on level 3 of the
                  | Elven Halls)
 68498 | Elf:3    | Received a gift from Okawaru
 68850 | Elf:3    | Paralysed by an air elemental for 1 turns
 69309 | Elf:3    | Reached skill level 10 in Armour
 70004 | Elf:3    | Identified the +0 chain mail "Lorepnoa" {rN+++ Regen+
                  | Int-4}
 70632 | Elf:3    | Identified the +3 short sword of the Endless Cities {drain,
                  | rPois rC++ Str+3 Stlth-}
 70637 | Elf:3    | Identified the +5 great sword of True Grit {drain, *Noise
                  | rElec rN+ rCorr}
 70933 | Elf:3    | Got gaudy book
 71034 | Elf:3    | Got loosely-bound book
 71320 | Elf:3    | Reached skill level 5 in Conjurations
 71334 | Elf:3    | Identified the +3 shortbow "Trog's Fury" {drain, Will+
                  | rCorr Int+3 Stlth+}
 71532 | Elf:3    | Identified the +2 buckler of Rubuc {Fly rF+ rCorr Int+2}
                  | (Okawaru gifted it to you on level 3 of the Elven Halls)
 71532 | Elf:3    | Received a gift from Okawaru
 71561 | Elf:3    | Got antique book
 72969 | Swamp:2  | Found a transporter.
 72971 | Swamp:2  | Found a transporter.
 72971 | Swamp:2  | Noticed Caterwaul's ghost (adept HuMo)
 73774 | Swamp:2  | You are sucked into a shaft and drop 1 floor!
 73848 | Swamp:2  | Reached skill level 10 in Stealth
 74078 | Swamp:2  | Reached skill level 5 in Necromancy
 74274 | Swamp:2  | Killed Caterwaul's ghost
 74961 | Swamp:4  | Entered Level 4 of the Swamp
 75068 | Swamp:4  | Reached XP level 21. HP: 69/107 MP: 38/40
 75089 | Swamp:4  | Identified the +4 sling of Fae Indomitability {drain,
                  | Dex+2} (Okawaru gifted it to you on level 4 of the Swamp)
 75089 | Swamp:4  | Received a gift from Okawaru
 75631 | Swamp:4  | Got a decaying rune of Zot
 76083 | Depths:1 | Entered Level 1 of the Depths
 76358 | Depths:1 | Found a one-way gate to the infinite horrors of the Abyss.
 76704 | Depths:1 | Found a one-way gateway to a ziggurat.
 76726 | Depths:1 | Paralysed by a floating eye for 3 turns
 76737 | Depths:1 | Paralysed by a floating eye for 4 turns
 76748 | Depths:1 | Paralysed by a floating eye for 3 turns
 77192 | Depths:1 | Received a gift from Okawaru
 77259 | Depths:1 | Reached skill level 10 in Ranged Weapons
 78096 | Depths:1 | Found a gateway to Hell.
 78218 | Depths:1 | Noticed the Enchantress
 78388 | Depths:1 | Received a gift from Okawaru
 78683 | Depths:1 | Killed the Enchantress
 79330 | D:12     | Learned a level 7 spell: Enfeeble
 79684 | Depths:2 | You are sucked into a shaft and drop 2 floors!
 79684 | Depths:4 | Entered Level 4 of the Depths
 79845 | Depths:4 | Reached skill level 15 in Spellcasting
 79893 | Depths:4 | Reached skill level 10 in Dodging
 79896 | Depths:4 | Received a gift from Okawaru
 80424 | Depths:2 | Found a sparkling altar of Nemelex Xobeh.
 80557 | Depths:2 | Received a gift from Okawaru
 80648 | Depths:2 | Found a burning altar of Makhleb.
 80713 | Depths:2 | Identified the ring "Maseng" {Wiz rCorr}
 81101 | Depths:2 | Found a one-way gate leading to the halls of Pandemonium.
 81351 | Depths:2 | Noticed a golden dragon
 81386 | Depths:2 | Killed a golden dragon
 81653 | Depths:2 | Identified the amulet of Division {Spirit Fly rF+ Int+4}
 81653 | Depths:2 | Noticed a golden dragon
 81781 | Depths:2 | Identified the ring "Wosch" {Ice Str+3}
 81906 | Depths:2 | Identified the ring "Wutrasar" {MP-9 EV+5 Int+6}
 81961 | Depths:2 | Killed a golden dragon
 81961 | Depths:2 | Identified the orb of Purpose {guile, Rampage rPois Str-5}
                  | (Okawaru gifted it to you on level 2 of the Depths)
 81961 | Depths:2 | Received a gift from Okawaru
 82362 | Depths:2 | Upgraded the game from 0.31-a0-774-g0d66cba to
                  | 0.31-a0-803-g95b03c3
 82362 | Depths:2 | Reached skill level 15 in Transmutations
 82362 | Depths:2 | Reached skill level 10 in Alchemy
 82362 | Depths:2 | Upgraded the game from 0.31-a0-803-g95b03c3 to
                  | 0.32-a0-18-g89e19f1
 83215 | Crypt:1  | Entered Level 1 of the Crypt
 83239 | Crypt:1  | Reached XP level 22. HP: 97/114 MP: 42/42
 83538 | Crypt:1  | Reached skill level 1 in Invocations
 84676 | Crypt:1  | Noticed Frederick
 85049 | Crypt:1  | Killed Frederick
 85794 | Crypt:1  | Mangled by a vampire knight

Illustrated notes

Levels and vault maps discovered:
D:1:      lemuel_arrival_muddy, layout_rooms, chequers_garden, minivault_26
D:2:      layout_rooms, chequers_ecumenical_altar_simple
D:3:      layout_loops_cross, st_stairs_5
D:4:      layout_basic, lemuel_round_altar
D:5:      layout_layer_cave, overflow_temple_1_default, water_maze_lemuel,
          uniq_edmund, uniq_crazy_yiuf_cottage
D:6:      layout_cave_pools, nicolae_specific_store, nicolae_shop_fire_sale
          [nicolae_sub_dead_trees], nicolae_nh_oracle_at_delphi
D:7:      layout_basic, minitemple, minmay_temple_entry_statues
D:8:      layout_basic, dk_yredelemnul_ordeal, erik_lair_orcish_takeover,
          serial_shops, shop, uniq_grum
D:9:      layout_cross, kennysheep_mini, kennysheep_boxes, uniq_amaemon
D:10:     layout_roguey, jmf_multi_god_temple2, trove_entry_hex_spiral,
          uniq_maurice
D:11:     layout_rooms, cheibrodos_ashenzari_chains
D:12:     layout_basic, david_orc_3, due_unseen_surprise
D:13:     layout_loops_corners, erik_vaults_2, gauntlet_entry_generic,
          uniq_rupert
D:14:     layout_basic, chequers_serial_rivers_small_b,
          nicolae_wu_jian_immortal_techniques
D:15:     hangedman_depths_entry_try_elsewhere_first, layout_rooms,
          serial_bayou_shore_b, kennysheep_four_rooms
Temple:   nicolae_temple_godpark
Lair:1:   layout_loops_ring
Lair:2:   layout_small_grid, nicolae_swamp_entry_splash_gauntlet,
          minmay_snake_entry_six_corridors, serial_bayou_shore_b,
          lemuel_fruit_fields, serial_bayou_shore_b, uniq_urug, uniq_gastronok,
          uniq_nergalle, uniq_maggie
Lair:3:   layout_gridlike, serial_bayou_crossing, serial_bayou_shore_b,
          lemuel_fruit_tree, grunt_megastairs_5, serial_bayou_shore_a,
          serial_bayou_shore_b, uniq_kirke
Lair:4:   layout_regular_city, dpeg_slime_entry_corner
Lair:5:   due_jungle_book, layout_loops_ring, st_stairs_4, serial_bayou_shore_b
Swamp:1:  layout_falls_marsh, nicolae_swamp_fairy_circle
Swamp:2:  layout_basic_swamp, gammafunk_ghost_arena,
          evilmike_swamp_ruin_rubble_1, swamp_pool5, hangedman_swamp_diagram,
          nicolae_swamp_thats_no_hydra, infiniplex_staircase_pool
Swamp:3:  layout_basic_swamp, hangedman_swamp_blocks
Swamp:4:  swamp_basic_johnstein, layout_basic_swamp
Snake:1:  layout_cave_shapes
Snake:2:  layout_onion, serial_shops, nicolae_take_the_stairs,
          nicolae_snake_gridmaze_big_u, uniq_louise
Snake:3:  nicolae_snakescales, layout_chambers, lemuel_oklob_altar, uniq_vashnia
Snake:4:  grunt_snake_rune_pools, layout_onion, serial_shops, shop_statue,
          nicolae_shop_tiny_waterfront, serial_bayou_pond_a
Orc:1:    cheibrodos_orc_bank, layout_diamond_mine
Orc:2:    st_orc_elflike, layout_caves, serial_shops, nicolae_shop_crystal,
          nicolae_volcano_entry_vermiform, portal_ice_cave_entry_pillars_2,
          nooodl_orcs_dogs
Elf:1:    layout_geoelf_octagon, minmay_elf_annihilation, nicolae_shop_clearance
Elf:2:    elven_hall_of_blades_hangedman_original
          [nicolae_blade_entry_diamond_columns], layout_loops_corners
Elf:3:    nooodl_elf_gasket, layout_geoelf_grid, nicolae_alphabet_shops,
          minmay_fountain_box, serial_nicolae_subway, nicolae_sub_station_stone,
          nicolae_sub_station_crystal, nicolae_sub_station_metal, uniq_mara
Vaults:1: nicolae_vaults_two_Ls, hangedman_vaults_cutoff, vaults_dpeg_diagonal,
          dpeg_vaults_monster_box, v_misc_17, vaults_mumra_minichess,
          layout_vaults_quadrants
Vaults:2: vaults_mumra_hexcomb, nicolae_vaults_tetromino_L_2, vaults_dpeg_hooks,
          nicolae_vaults_swerve, ontoclasm_vaults_ring_large,
          nicolae_vaults_double_plus_2, nicolae_vaults_tetromino_T_1,
          minmay_crypt_entry_simple_corners, nicolae_vaults_asterisk,
          vaults_room_corners, nicolae_vaults_tetromino_Z_2,
          nicolae_vaults_surprise_closet, nicolae_vaults_trapezoid_lopsided_3,
          layout_vaults_chaotic_city, serial_shops, nicolae_shop_rolling_square
Vaults:3: nicolae_vaults_network_star, nicolae_vaults_closet_pinwheel_1,
          nicolae_vaults_little_squares_6, v_misc_1,
          nicolae_vaults_closet_pinwheel_2, v_misc_28, v_misc_16,
          nicolae_vaults_little_squares_6, ontoclasm_vaults_shout,
          nicolae_vaults_double_plus_1, v_misc_32, vaults_room_octagon,
          nicolae_vaults_storage_room_statues, nicolae_vaults_little_squares_2,
          layout_vaults_maze_bifur, serial_shops, nicolae_shop_trees
Vaults:4: v_rooms_4, nicolae_vaults_trapezoid_4, nicolae_vaults_cochlea,
          nicolae_vaults_offset_grid_hallway_3,
          nicolae_vaults_closet_pinwheel_4, ontoclasm_vaults_tryst,
          nicolae_vaults_mitosis, nicolae_vaults_rhombus_5,
          nicolae_vaults_tetromino_L_1, layout_vaults_omnicross, uniq_margery
Crypt:1:  layout_basic, serial_sigils_hangedman_quiver,
          grunt_crypt_arrival_webbed, uniq_frederick
Depths:1: layout_honeycomb, enter_ziggurat_d, hellmouth_1,
          marbit_kobold_abyss_entry, serial_sigils_hangedman_writhe,
          minivault_14, hangedman_decor_peaks_small, uniq_enchantress
Depths:2: minmay_the_grid_triangle_9x9_recursive_2
          [minmay_the_grid_triangle_9x9_prize_special,
          minmay_the_grid_triangle_9x9_odd_lines,
          minmay_the_grid_triangle_9x9_longest,
          minmay_the_grid_triangle_9x9_shrine], layout_cave_pools,
          pf_vacation_house_of_asmodeus, pan_entry,
          nemelex_xobeh_ov_fountains_minmay, infiniplex_staircase_river
Depths:3: cheibrodos_lost_city_excavation, layout_cave_pools,
          hangedman_abyss_entry_splay, lightli_too_deep, minislime_mu,
          infiniplex_staircase_pool_1
Depths:4: evilmike_zot_entry_hall, layout_cave_shapes, hell_entry,
          nicolae_ru_path_of_blood, serial_bayou_shore_b, minmay_shoptagon

Skill      XL: |  1  2  3  4  5  6  7  8  9 10 11 12 13 14 15 16 17 18 19 20 21 22 |
---------------+-------------------------------------------------------------------+-----
Stealth        | 1 2 3 4 6 8 9 10 11 | 11.5
Translocations | 5 6 7 8 9 10 11 12 13 14 15 17 | 17.7
Spellcasting   | 3 4 5 7 8 9 10 12 13 14 15 | 15.7
Fighting       | 2 3 4 5 6 7 8 9 10 11 | 11.4
Dodging        | 4 5 6 7 8 9 10 | 10.1
Air Magic      | 1 2 3 4 5 6 7 8 9 |  9.6
Short Blades   | 3 4 5 7 8 9 10 11 | 11.5
Hexes          | 3 4 6 7 8 10 11 12 13 14 | 14.8
Staves         | 1 2 3 |  3.6
Throwing       | 2 3 4 5 6 |  6.3
Ice Magic      | 1 2 3 4 5 6 |  6.1
Evocations     | 4 7 9 10 11 | 11.9
Necromancy     | 1 2 3 5 6 |  6.8
Armour         | 2 4 6 8 9 10 11 | 11.1
Long Blades    | 3 4 5 6 7 8 |  8.4
Transmutations | 1 6 9 11 12 15 |  0.0
Shields        | 2 3 4 |  4.9
Earth Magic    | 1 2 |  2.4
Ranged Weapons | 3 5 8 11 | 11.2
Conjurations   | 3 5 6 |  6.4
Alchemy        | 10 | 10.4
Invocations    | 1 |  1.9

Action                     |  1- 3 |  4- 6 |  7- 9 | 10-12 | 13-15 | 16-18 | 19-21 | 22-24 || total
---------------------------+-------+-------+-------+-------+-------+-------+-------+-------++-------
  Melee: Short sword       |    68 |   188 |    42 |       |       |       |       |       ||   298
         Punch             |     1 |     3 |       |     3 |     9 |       |       |       ||    16
         Quarterstaff      |       |       |   263 |   267 |       |       |       |       ||   530
         Dagger            |       |       |     6 |   318 |       |   912 |   412 |       ||  1648
         Rapier            |       |       |       |    74 |   717 |   295 |   511 |       ||  1597
         Katana            |       |       |       |       |   911 |   360 |   193 |   228 ||  1692
         Scimitar          |       |       |       |       |       |     6 |       |       ||     6
   Fire: Hand cannon       |       |       |       |       |       |     9 |   140 |    38 ||   187
         Sling             |       |       |       |       |       |       |     8 |       ||     8
  Throw: Boomerang         |    71 |    99 |    64 |       |    73 |    93 |       |       ||   400
         Dart              |    20 |    85 |    43 |    98 |    97 |    46 |    48 |     4 ||   441
         Throwing net      |       |       |       |     2 |     1 |       |       |       ||     3
   Cast: Blink             |    13 |    11 |    18 |    41 |   114 |    85 |    29 |       ||   311
         Manifold Assault  |       |     5 |    54 |   140 |   293 |    83 |    43 |    24 ||   642
         Vhi's Electric Ch |       |       |    35 |    54 |   226 |   226 |   201 |    20 ||   762
         Ensorcelled Hiber |       |       |     1 |   138 |   167 |   163 |    96 |       ||   565
         Anguish           |       |       |       |    16 |   105 |       |    82 |     2 ||   205
         Cause Fear        |       |       |       |     2 |       |     1 |     1 |       ||     4
         Dispersal         |       |       |       |       |    39 |    22 |     7 |     1 ||    69
         Yara's Violent Un |       |       |       |       |    12 |    13 |    44 |     4 ||    73
         Inner Flame       |       |       |       |       |     4 |       |     2 |       ||     6
         Passwall          |       |       |       |       |       |    13 |    24 |       ||    37
         Passage of Golubr |       |       |       |       |       |     7 |     5 |       ||    12
         Iskenderun's Myst |       |       |       |       |       |       |   209 |    11 ||   220
         Enfeeble          |       |       |       |       |       |       |    29 |    32 ||    61
 Invoke: Heroism           |       |       |       |    14 |     2 |       |     3 |     5 ||    24
         Finesse           |       |       |       |     1 |       |       |       |       ||     1
  Evoke: Wand              |       |       |     4 |    26 |    44 |    19 |    91 |     3 ||   187
         Tin of tremorston |       |       |       |       |     2 |     7 |     8 |     1 ||    18
    Use: Scroll            |       |     4 |     9 |    12 |     9 |    10 |    11 |     2 ||    57
         Potion            |       |     1 |     5 |     3 |     1 |     5 |     6 |     7 ||    28
   Stab: Sleeping          |     3 |     7 |     2 |    66 |   114 |   161 |   111 |       ||   464
         Invisible         |       |       |     2 |       |       |     3 |    29 |    19 ||    53
         Paralysed         |       |       |       |     3 |     6 |     2 |     4 |       ||    15
         Held in net/web   |       |       |       |     2 |     3 |       |       |       ||     5
         Fleeing           |       |       |       |     1 |       |       |       |       ||     1
         Confused          |       |       |       |       |     3 |     4 |       |       ||     7
         Distracted        |       |       |       |       |     1 |       |     2 |       ||     3
 Armour: Robe              |    32 |    46 |    32 |       |       |       |       |       ||   110
         Steam dragon scal |       |       |    87 |   279 |   754 |     5 |       |       ||  1125
         Skin              |       |       |       |     4 |       |       |       |       ||     4
         Shadow dragon sca |       |       |       |       |       |   797 |   700 |   129 ||  1626
         Acid dragon scale |       |       |       |       |       |       |    99 |       ||    99
  Dodge: Dodged            |    63 |   133 |   248 |   498 |  1116 |   639 |   572 |    71 ||  3340
  Block: Buckler           |       |       |       |       |    15 |   335 |   342 |    48 ||   740

Table legend: (Time is in decaauts)
 A = Elapsed time spent in this place.
 B = Non-inter-level travel time spent in this place.
 C = Inter-level travel time spent in this place.
 D = Time resting spent in this place.
 E = Time spent auto-exploring this place.
 F = Levels seen in this place.
 G = Mean time per level.
                   A        B        C        D        E       F      G
               +--------+--------+--------+--------+--------+-----+--------+
         Total |  68724 |  63898 |   4826 |  11161 |  34458 |  45 | 1527.2 |
       Dungeon |  20535 |  18275 |   2260 |   1527 |  11920 |  15 | 1369.0 |
        Temple |     19 |      3 |     16 |      0 |      0 |   1 |   19.0 |
          Lair |  10215 |   9522 |    693 |   1530 |   5484 |   5 | 2043.0 |
         Swamp |   3034 |   2871 |    163 |    200 |   1753 |   4 |  758.5 |
     Snake Pit |   8918 |   8477 |    441 |   1896 |   4037 |   4 | 2229.5 |
  Orcish Mines |   3769 |   3550 |    219 |    999 |   1694 |   2 | 1884.5 |
   Elven Halls |   6753 |   6506 |    247 |   2785 |   1333 |   3 | 2251.0 |
        Vaults |   6407 |   5956 |    451 |    607 |   3911 |   4 | 1601.8 |
         Crypt |   1818 |   1818 |      0 |    166 |   1256 |   1 | 1818.0 |
        Depths |   5274 |   4943 |    331 |    774 |   2738 |   4 | 1318.5 |
      Ice Cave |   1233 |   1233 |      0 |    330 |    118 |   1 | 1233.0 |
      Gauntlet |    746 |    746 |      0 |    344 |    212 |   1 |  746.0 |
               +--------+--------+--------+--------+--------+-----+--------+

Top non-repeatable levels by time:
   Elf:3: 4529 daAuts
  Lair:5: 3260 daAuts
 Snake:4: 3077 daAuts
  Lair:2: 3048 daAuts
 Snake:3: 2904 daAuts
   Orc:2: 2809 daAuts
Depths:1: 2661 daAuts
     D:8: 2154 daAuts
    D:12: 2100 daAuts
    D:11: 2068 daAuts
Depths:2: 1962 daAuts
     D:5: 1841 daAuts
Vaults:2: 1833 daAuts
 Crypt:1: 1818 daAuts
     D:9: 1773 daAuts
